 Dungeon Crawl Stone Soup version 0.27-a0-1036-g8e1b44f6bd (webtiles) character file.

Game seed: 9861706290335489293

5 spiderkeys the Skirmisher (level 1, -10/23 HPs)
             Began as a Gnoll Abyssal Knight on Apr 18, 2021.
             Was a Follower of Lugonu.
             Mangled by a large abomination (12 damage)
             ... on level 1 of the Abyss.
             The game lasted 00:00:06 (49 turns).

spiderkeys the Skirmisher (Gnoll Abyssal Knight)      Turns: 49, Time: 00:00:07

Health: -10/23     AC:  3    Str: 11    XL:     1   Next: 80%
Magic:  3/3        EV: 11    Int: 11    God:    Lugonu [*.....]
Gold:   12         SH:  0    Dex: 11    Spells: 0/0 levels left

rFire    . . .     SeeInvis .   a - +1 spear
rCold    . . .     Faith    .   (no shield)
rNeg     . . .     Spirit   .   b - +0 leather armour
rPois    .         Reflect  .   (no helmet)
rElec    .         Harm     .   (no cloak)
rCorr    .         Rampage  .   (no gloves)
Will     .....                  (no boots)
Stlth    +.........             (no amulet)
HPRegen  0.07/turn              (no ring)
MPRegen  0.08/turn              (no ring)

@: no status effects
A: fangs 1, strong nose, distributed training
a: Renounce Religion, Depart the Abyss


You were on level 1 of the Abyss.
You worshipped Lugonu.
Lugonu was aware of your devotion.
You visited 0 branches of the dungeon, and saw 0 of its levels.
You visited the Abyss 1 time.

You collected 12 gold pieces.


Innate Abilities, Weirdness & Mutations

You have very sharp teeth.
Your uncanny sense of smell can sniff out nearby items.
Your experience applies equally to all skills.


   Skills:
 + Level 6.4 Fighting
 + Level 0.1 Short Blades
 + Level 0.1 Long Blades
 + Level 0.1 Axes
 + Level 0.1 Maces & Flails
 + Level 4.4 Polearms
 + Level 0.1 Staves
 + Level 0.1 Slings
 + Level 0.1 Bows
 + Level 0.1 Crossbows
 + Level 0.1 Throwing
 + Level 4.4 Armour
 + Level 2.4 Dodging
 + Level 0.1 Stealth
 + Level 0.1 Shields
 + Level 0.1 Unarmed Combat
 + Level 0.1 Spellcasting
 + Level 0.1 Conjurations
 + Level 0.1 Hexes
 + Level 0.1 Summonings
 + Level 0.1 Necromancy
 + Level 0.1 Translocations
 + Level 0.1 Transmutations
 + Level 0.1 Fire Magic
 + Level 0.1 Ice Magic
 + Level 0.1 Air Magic
 + Level 0.1 Earth Magic
 + Level 0.1 Poison Magic
 + Level 4.4 Invocations
 + Level 0.1 Evocations


You couldn't memorise any spells.
You didn't know any spells.
Your spell library was empty.

Inventory:

Hand Weapons
 a - a +1 spear (weapon)
Missiles
 c - 21 stones
Armour
 b - a +0 leather armour (worn)

Dungeon Overview and Level Annotations

Branches:
Dungeon (0/15)

Altars:

.## .##..# ..
..... .... . ...
.....§..... #..
#..##..# ..#
#..##..##..## .#
..............
...... .....
#.X##..##..#
##..##§@##.. #..
......§§.§........
.....3............
.##..##..##..##..#
#.. #..# .5## .#
... .........x...
... .............
.##..##..##..##..#
.. #.. #. ##. #


You could see a large abomination, a smoke demon, a small abomination
(wandering) and a quasit.


Message History

🤖 Initializing magus.rc ... ✅ Successfully initialized magus.rc [v1.9.10] Welcome, spiderkeys the Gnoll Abyssal Knight.
It is said that the Orb of Zot exists deep within this dungeon.
Lugonu says: Depart the Abyss and spread corruption, my servant! (use the ability menu to exit the Abyss) Press ? for a list of commands and other information.
Found a mace.
Found two corrupted altars of Lugonu.
You now have 12 gold pieces.
c - 21 stones An ufetubus assembles itself!
The ufetubus shouts!
You hear a roar!
Unknown command.
You hit the ufetubus. The ufetubus closely misses you.
The ufetubus hits you. 😕 HP[-3]
You take 3 damage, and now have 20/23 hp.
You closely miss the ufetubus. Your bite misses the ufetubus.
The ufetubus hits you. x2
A large abomination comes into view. 😮 HP[-3]
You take 3 damage, and now have 17/23 hp.
You hit the ufetubus but do no damage. Your bite misses the ufetubus.
The ufetubus misses you.
The ufetubus barely misses you. 😕 HP[+1]
You hit the ufetubus but do no damage. The ufetubus closely misses you.
The ufetubus hits you. The ufetubus barely misses you.
The ufetubus hits you. 😮 HP[-5]
You take 5 damage, and now have 13/23 hp.
MASSIVE DAMAGE!! (PAUSE)
You closely miss the ufetubus.
You bite the ufetubus, but do no damage.
The ufetubus barely misses you.
The ufetubus hits you but does no damage.
You closely miss the ufetubus. The ufetubus hits you.
* * * LOW HITPOINT WARNING * * *
The ufetubus barely misses you.
A smoke demon comes into view. 😨 HP[-3]
You take 3 damage, and now have 10/23 hp.
You closely miss the ufetubus.
The ufetubus hits you but does no damage.
The ufetubus closely misses you.
A quasit comes into view.
The ufetubus barely misses you. The ufetubus closely misses you.
The quasit gives a chilling moan.
You hit the ufetubus.
You kill the ufetubus!
The smoke demon gestures at you. The ball of steam misses you.
You are engulfed in a cloud of scalding steam.
* * * LOW HITPOINT WARNING * * *
A small abomination comes into view.
The large abomination is engulfed in a cloud of scalding steam.
The large abomination hits you!
Ouch! That really hurt!
You die...

Action                   || total
-------------------------++-------
Melee: Spear             ||     8
       Bite              ||     1
Armor: Leather armour    ||     2
Dodge: Dodged            ||    11

Levels and vault maps discovered:
Abyss:1:  base: Temple, hangedman_cross_veins,
          hangedman_abyss_or_decor_jellyfish_corner, base:
Temple

Notes
Turn   | Place    | Note
-------+----------+-------------------------------------------
     0 | Abyss:1  | spiderkeys the Gnoll Abyssal Knight began the quest for the
                  | Orb.
     0 | Abyss:1  | Reached XP level 1. HP: 23/23 MP: 3/3
     0 | Abyss:1  | magus.rc [v1.9.10]
    42 | Abyss:1  | Noticed a large abomination
    46 | Abyss:1  | Noticed a smoke demon
    47 | Abyss:1  | Noticed a quasit
    49 | Abyss:1  | HP: 2/23 [something] (8)]
    49 | Abyss:1  | Noticed a small abomination
    49 | Abyss:1  | Mangled by a large abomination

Vanquished Creatures
  An ufetubus (Abyss:1)
1 creature vanquished.

Table legend:
 A = Non-vault XP
 B = Vault XP
 C = Vault XP percentage of total XP
 D = Non-vault monster count
 E = Vault monster count
 F = Vault count percentage of total count
                 A         B        C        D         E       F
            +---------+---------+-------+---------+---------+-------
      Total |       8 |       0 |   0.0 |       1 |       0 |   0.0
            +---------+---------+-------+---------+---------+-------
    Abyss:1 |       8 |       0 |   0.0 |       1 |       0 |   0.0
            +---------+---------+-------+---------+---------+-------

Illustrated notes

Table legend:
 A = Kills in this place as a percentage of kills in entire the game.
 B = Kills by you in this place as a percentage of kills by you in the entire game.
 C = Kills by friends in this place as a percentage of kills by friends in the entire game.
 D = Other kills in this place as a percentage of other kills in the entire game.
 E = Experience gained in this place as a percentage of experience gained in the entire game.
 F = Experience gained in this place divided by the number of levels of this place that you have seen.
                   A       B       C       D       E      F
               +-------+-------+-------+-------+-------+----------------------
         Total | 100.0 | 100.0 |   N/A |   N/A | 100.0 |   8.0
         Abyss | 100.0 | 100.0 |   N/A |   N/A | 100.0 |   8.0
               +-------+-------+-------+-------+-------+----------------------

Table legend: (Time is in decaauts)
 A = Elapsed time spent in this place.
 B = Non-inter-level travel time spent in this place.
 C = Inter-level travel time spent in this place.
 D = Time resting spent in this place.
 E = Time spent auto-exploring this place.
 F = Levels seen in this place.
 G = Mean time per level.
                   A        B        C        D        E       F      G
               +--------+--------+--------+--------+--------+-----+--------+
         Total |     48 |     48 |      0 |      0 |     40 |   1 |   48.0 |
         Abyss |     48 |     48 |      0 |      0 |     40 |   1 |   48.0 |
               +--------+--------+--------+--------+--------+-----+--------+

Top non-repeatable levels by time:
 Abyss:1: 48 daAuts
